 Dungeon Crawl Stone Soup version 0.28-a0-1235-g7c8fac35f0 (webtiles) character file.

Game seed: 4190664660632916967

63 r3xj the Covered (level 3, 0/34 HPs)
             Began as a Minotaur Fighter on Dec 24, 2021.
             Slain by a gnoll (6 damage)
             ... on level 2 of the Dungeon.
             The game lasted 00:01:39 (1224 turns).

r3xj the Covered (Minotaur Fighter)                 Turns: 1224, Time: 00:01:40

Health: 0/34       AC:  7    Str: 22    XL:     3   Next: 89%
Magic:  2/2        EV:  9    Int:  5    God:
Gold:   8          SH:  4    Dex:  9    Spells: 2/2 levels left

rFire   . . .      SeeInvis .   a - +0 flail
rCold   . . .      Faith    .   c - +0 buckler
rNeg    . . .      Spirit   .   b - +0 scale mail
rPois   .          Reflect  .   (helmet restricted)
rElec   .          Harm     .   (no cloak)
rCorr   .          Rampage  .   (no gloves)
Will    .....                   (no boots)
Stlth   ..........              (no amulet)
HPRegen 0.11/turn               (no ring)
MPRegen 0.08/turn               (no ring)

@: no status effects
A: horns 2, retaliatory headbutt
a: no special abilities


You were on level 2 of the Dungeon.
You visited 1 branch of the dungeon, and saw 2 of its levels.

You collected 8 gold pieces.

Inventory:

Hand Weapons
 a - a +0 flail (weapon)
Missiles
 h - 2 throwing nets (quivered)
Armour
 b - a +0 scale mail (worn)
 c - a +0 buckler (worn)
Jewellery
 e - a ring of protection from cold
Scrolls
 f - a scroll of fog {unknown}
 g - a scroll of blinking {unknown}
Potions
 d - a potion of might


   Skills:
 + Level 4.3 Fighting
 + Level 3.4 Maces & Flails
 + Level 4.4 Armour
 - Level 4.0 Shields


You had 2 spell levels left.
You didn't know any spells.
Your spell library was empty.

Dungeon Overview and Level Annotations

Branches:
Dungeon (2/15)

Altars:


Innate Abilities, Weirdness & Mutations

You have a pair of horns on your head.
You reflexively headbutt those who attack you in melee.


Message History

The gnoll is moderately wounded.
You block the gnoll's attack. The gnoll hits you but does no damage.
You closely miss the gnoll.
The gnoll is moderately wounded.
The gnoll hits you but does no damage. The gnoll hits you with a +0 whip!
You sock the gnoll!
You kill the gnoll!
The gnoll hits you from afar with a +0 spear. x2
The gnoll hits you but does no damage.
Things that are here:
a +0 whip; a gnoll corpse The gnoll shouts!
The gnoll hits you with a +0 spear!
Things that are here:
a +0 whip; a +0 chain mail You are too injured to fight recklessly!
You are too injured to fight recklessly!
You are too injured to fight recklessly!
You are too injured to fight recklessly!
You barely miss the gnoll. You completely miss the gnoll.
The gnoll hits you but does no damage. You block the gnoll's attack.
You barely miss the gnoll. You headbutt the gnoll!
The gnoll is almost dead.
The gnoll hits you but does no damage. You block the gnoll's attack.
You hit the gnoll but do no damage. You headbutt the gnoll.
You kill the gnoll!
The gnoll hits you with a +0 whip.
You barely miss the gnoll. Your headbutt misses the gnoll.
The gnoll closely misses you.
You hit the gnoll but do no damage. The gnoll hits you with a +0 whip.
* * * LOW HITPOINT WARNING * * *
The gnoll hits you with a +0 whip.
* * * LOW HITPOINT WARNING * * *
You closely miss the gnoll. Your headbutt misses the gnoll.
The gnoll completely misses you.
You hit the gnoll. You headbutt the gnoll.
The gnoll is heavily wounded.
The gnoll hits you with a +0 whip.
You die...

g# .. # .##.# ..#.#
.... # # ).# #.#
#.# ###..# #.# #
###.###@go.# #.#
#.#.....#)#......#
#.#
#.#.###.#.#.##.#.#
#.# #.........#.. #
#.# ###.##.#######
#.# #.###....#
#.#######.# ###..#
..........## #..#
#.#######..###.....


You could see a gnoll and an orc.

Vanquished Creatures
  2 gnolls (D:2)
  2 dart slugs (D:1)
  2 orcs (D:2)
  An endoplasm (D:1)
  2 goblins (D:1)
  6 hobgoblins (D:1)
  4 jackals (D:1)
  A quokka (D:1)
  4 ball pythons (D:1)
  2 bats (D:1)
  3 frilled lizards (D:1)
  6 kobolds (D:1)
  5 rats
40 creatures vanquished.

Notes
Turn   | Place    | Note
-------+----------+-------------------------------------------
     0 | D:1      | r3xj the Minotaur Fighter began the quest for the Orb.
     0 | D:1      | Reached XP level 1. HP: 19/19 MP: 0/0
   105 | D:1      | Reached XP level 2. HP: 11/27 MP: 1/1
   687 | D:1      | Reached XP level 3. HP: 33/33 MP: 2/2
   945 | D:1      | Found a faded altar of an unknown god.
  1224 | D:2      | Slain by a gnoll

Illustrated notes

Levels and vault maps discovered:
D:1:      erik_arrival_blinker_ship, layout_loops_ring,
          hellmonk_ecumenical_altar_inner_sanctum, minivault_26
D:2:      layout_loops_ring

Skill      XL: |  1  2 |
---------------+-------+-----
Armour         | 4 |  4.4
Fighting       | 4 |  4.3
Shields        | 4 |  4.0
Maces & Flails | 3 |  3.4

Action                   || total
-------------------------++-------
Melee: Flail             ||   104
       Headbutt          ||    17
Armor: Scale mail        ||    40
Dodge: Dodged            ||    35
Block: Buckler           ||    23

Table legend: (Time is in decaauts)
 A = Elapsed time spent in this place.
 B = Non-inter-level travel time spent in this place.
 C = Inter-level travel time spent in this place.
 D = Time resting spent in this place.
 E = Time spent auto-exploring this place.
 F = Levels seen in this place.
 G = Mean time per level.
                   A        B        C        D        E       F      G
               +--------+--------+--------+--------+--------+-----+--------+
         Total |   1251 |   1218 |     33 |      0 |   1006 |   2 |  625.5 |
       Dungeon |   1251 |   1218 |     33 |      0 |   1006 |   2 |  625.5 |
               +--------+--------+--------+--------+--------+-----+--------+

Top non-repeatable levels by time:
     D:1: 1145 daAuts
     D:2: 105 daAuts
